 Dungeon Crawl Stone Soup version 0.22-a0-456-g11ed031 (webtiles) character file.

11512 emperorscorpion the Thaumaturge (level 11, -12/56 HPs)
             Began as a Deep Elf Air Elementalist on June 6, 2018.
             Was a Priest of Qazlal.
             Mangled by a death yak (27 damage)
             ... on level 10 of the Dungeon.
             The game lasted 00:33:18 (12721 turns).

emperorscorpion the Thaumaturge (DEAE)             Turns: 12721, Time: 00:33:18

Health: -12/56     AC:  7    Str:  5    XL:     11   Next: 50%
Magic:  2/30       EV: 14    Int: 24    God:    Qazlal [***...]
Gold:   1210       SH:  6    Dex: 15    Spells: 27/37 levels left

rFire    . . .     SeeInvis .   a - +2 quarterstaff (elec)
rCold    . . .     Gourm    .   (shield currently unavailable)
rNeg     . . .     Faith    .   f - +0 robe
rPois    .         Spirit   .   o - +2 hat
rElec    .         Reflect  +   D - +0 cloak
rCorr    .         Harm     .   s - +0 pair of gloves
MR       ++...                  F - +0 pair of boots
Stlth    ++........             P - +2 amulet of reflection
HPRegen  0.18/turn              (no ring)
MPRegen  0.22/turn              K - ring of protection from magic

@: no status effects
A: no striking features
a: Upheaval, Elemental Force, Renounce Religion


You were on level 10 of the Dungeon.
You worshipped Qazlal.
Qazlal was most pleased with you.
You were not hungry.

You visited 2 branches of the dungeon, and saw 12 of its levels.
You also visited: Bailey.

You collected 1468 gold pieces.
You spent 258 gold pieces at shops.

Inventory:

Hand Weapons
 a - a +2 quarterstaff of electrocution (weapon)
 b - a +3 hunting sling of freezing
 v - a +0 blowgun
Missiles
 j - 60 bolts
 l - 330 stones
 n - 116 arrows
 q - 97 poisoned needles
 N - 17 sling bullets
 R - a throwing net
 S - 3 tomahawks (quivered)
 Y - 13 tomahawks of returning
Armour
 f - a +0 robe (worn)
 o - a +2 hat (worn)
 s - a +0 pair of gloves (worn)
 D - a +0 cloak (worn)
 F - a +0 pair of boots (worn)
Jewellery
 e - an uncursed ring of resist corrosion
 z - an uncursed ring of flight
 A - an uncursed amulet of the acrobat
 B - an uncursed amulet of magic regeneration
 K - a ring of protection from magic (right hand)
 P - a +2 amulet of reflection (around neck)
Wands
 y - a wand of random effects (52)
 I - a wand of flame (48)
 Q - a wand of clouds (5)
 T - a wand of iceblast (7)
 X - a wand of digging (8)
 Z - a wand of paralysis (13)
Scrolls
 g - 2 scrolls of remove curse
 h - 4 scrolls of teleportation
 k - 3 scrolls of enchant armour
 u - 5 scrolls of immolation
 L - 2 scrolls of fog
 O - 5 scrolls of identify
 V - a scroll of enchant weapon
 W - a scroll of amnesia
Potions
 d - 3 potions of invisibility
 i - 3 potions of curing
 m - 2 potions of agility
 p - 4 potions of brilliance {unknown}
 w - a potion of ambrosia {unknown}
 x - a potion of cancellation {unknown}
 E - a potion of flight {unknown}
 G - a potion of berserk rage {unknown}
 J - a potion of mutation {unknown}
 U - 2 potions of resistance {unknown}
Comestibles
 c - 17 rations
 r - 4 chunks of flesh


   Skills:
 + Level 1.4 Fighting
   Level 1.3 Short Blades
 + Level 3.9 Staves
 + Level 2.5(2.8) Slings
 + Level 2.1(2.9) Throwing
 + Level 4.4 Dodging
 + Level 4.8 Stealth
 + Level 13.9 Spellcasting
 + Level 7.7 Conjurations
 + Level 10.8 Air Magic
 + Level 0.3 Evocations


You had 27 spell levels left.
You knew the following spells:

 Your Spells              Type           Power        Failure   Level  Hunger
a - Shock                 Conj/Air       ####         1%          1    None
b - Airstrike             Air            ######....   1%          4    None
c - Lightning Bolt        Conj/Air       ######....   2%          5    ###....

Your spell library contained the following spells:

 Spells                   Type           Power        Failure   Level  Hunger
 Swiftness                Chrm/Air       #####...     1%          2    None
 Static Discharge         Conj/Air       ######..     1%          3    None


Dungeon Overview and Level Annotations

Branches:
Dungeon (11/15)            Temple (1/1) D:6
   Lair: D:8-11         Orc: D:9-12

Altars:
Ashenzari
Cheibriados
Dithmenos
Elyvilon
Fedhas
Gozag
Hepliaklqana
Kikubaaqudgha
Makhleb
Nemelex Xobeh
Okawaru
Qazlal
Ru
Sif Muna
Trog
Uskayaw
Vehumet
Wu Jian
Xom
Yredelemnul
Zin
The Shining One

Shops:
D:8 }=

Annotations:
D:6 1 runed door, magipi's ghost, novice GnBe
D:10 Harold


Message History

Press: ? - help, Shift-Dir - straight line You hear a mighty clap of thunder!
The bolt of lightning hits the death yak.
The death yak is heavily wounded.
You hear a shout!
You block the death yak's attack.
You hit the death yak.
Lightning courses through the death yak!
The death yak is severely wounded.
The death yak closely misses you.
You hit the death yak.
The death yak is severely wounded.
The death yak gores you!
Some of the chunks of flesh in your inventory have rotted away.
You thump the death yak!
The death yak is almost dead.
The death yak gores you!
* * * LOW HITPOINT WARNING * * *
The death yak gores you!!
You die...

########
#.)....# ##
#)####(# ..
#)####(#.###.#
#.#...>.......
#......#......
###.####......
#.# ....# #@#
###.# #Y# #
#†# ........#
..)..#### ....
... .. .


You could see a death yak.

Vanquished Creatures
  Snorg (D:10)
  2 death yaks (D:10)
  3 two-headed ogres
  The ghost of Curus the Spear-Bearer, a novice MiFi of Hepliaklqana (D:8)
  A cyclops (D:10)
  Grinder (D:3)
  2 hippogriffs
  2 wyverns
  Eustachio (D:4)
  A hungry ghost (D:8)
  A soldier ant (D:6)
  A water moccasin (D:9)
  2 sky beasts
  7 ice beasts
  A black bear (D:7)
  5 orc warriors
  2 necrophages
  4 phantoms
  9 ogres
  A centaur (D:10)
  A crocodile (D:8)
  4 big kobolds
  A bullfrog (D:10)
  Blork the orc (D:4)
  3 gnoll sergeants (D:10)
  3 scorpions
  4 killer bees (D:9)
  3 howler monkeys
  A crimson imp (D:5)
  A quasit (D:9)
  3 hounds
  2 centaur skeletons
  5 orc priests
  7 orc wizards
  Crazy Yiuf (D:3)
  A bullfrog skeleton (D:4)
  Jessica (D:3)
  Natasha (thrice) (D:3)
  15 worker ants
  Ijyb (D:4)
  2 iguanas
  6 gnolls
  16 adders
  An adder zombie (D:7)
  5 dart slugs
  2 leopard geckos
  31 orcs
  7 bats
  10 giant cockroaches
  10 goblins
  12 hobgoblins
  5 jackals
  4 quokkas
  2 ball pythons
  5 frilled lizards
  29 kobolds
  3 leopard gecko skeletons (D:4)
  2 quokka skeletons
  4 rats
265 creatures vanquished.

Vanquished Creatures (others)
  A howler monkey (D:4)
1 creature vanquished.

Grand Total: 266 creatures vanquished

Notes
Turn   | Place    | Note
-------+----------+-------------------------------------------
     0 | D:1      | emperorscorpion the Deep Elf Air Elementalist began the quest for the Orb.
     0 | D:1      | Reached XP level 1. HP: 10/10 MP: 6/6
   137 | D:1      | Reached XP level 2. HP: 15/15 MP: 0/8
   760 | D:1      | Reached XP level 3. HP: 19/19 MP: 8/10
  1460 | D:2      | Reached skill level 4 in Spellcasting
  1530 | D:2      | Reached XP level 4. HP: 22/24 MP: 10/12
  1539 | D:2      | Learned a level 4 spell: Airstrike
  2518 | D:3      | Reached skill level 1 in Short Blades
  2518 | D:3      | Reached XP level 5. HP: 25/28 MP: 9/13
  2612 | D:3      | Found a white marble altar of Elyvilon.
  2618 | D:3      | Noticed Natasha
  2623 | D:3      | Killed Natasha
  2623 | D:3      | Reached skill level 5 in Spellcasting
  2667 | D:3      | Noticed Jessica
  2670 | D:3      | Killed Jessica
  2824 | D:3      | Found a runed door.
  2828 | D:3      | Noticed Crazy Yiuf
  2831 | D:3      | Killed Crazy Yiuf
  2932 | D:3      | Noticed Natasha
  2947 | D:3      | Killed Natasha
  2947 | D:3      | Reached XP level 6. HP: 16/32 MP: 10/16
  2964 | D:3      | Noticed Natasha
  2972 | D:3      | Killed Natasha
  3109 | D:3      | Noticed Grinder
  3188 | D:3      | Killed Grinder
  3188 | D:3      | Reached skill level 1 in Staves
  3188 | D:3      | Reached skill level 6 in Spellcasting
  3188 | D:3      | Reached skill level 5 in Air Magic
  3188 | D:3      | Reached XP level 7. HP: 36/36 MP: 5/18
  3317 | D:4      | Learned a level 5 spell: Lightning Bolt
  3420 | D:4      | Noticed Eustachio
  3439 | D:4      | Killed Eustachio
  3495 | D:4      | Reached skill level 7 in Spellcasting
  3577 | D:4      | Noticed Ijyb
  3591 | D:4      | Killed Ijyb
  3983 | D:4      | Noticed Blork the orc
  3988 | D:4      | Killed Blork the orc
  4570 | D:4      | Reached XP level 8. HP: 41/41 MP: 14/21
  4607 | D:4      | Reached skill level 8 in Spellcasting
  4638 | D:5      | Entered Level 5 of the Dungeon
  5415 | D:6      | Found a runed door.
  5431 | D:6      | Found a runed door.
  5689 | D:6      | Reached skill level 9 in Spellcasting
  6307 | D:6      | Found a glowing silver altar of Zin.
  6369 | D:6      | Noticed magipi's ghost (novice GnBe)
  6476 | D:6      | Found a staircase to the Ecumenical Temple.
  6499 | Temple   | Entered the Ecumenical Temple
  6607 | Temple   | Became a worshipper of Qazlal Stormbringer
  7004 | D:7      | Reached skill level 1 in Slings
  7004 | D:7      | Reached XP level 9. HP: 46/46 MP: 10/24
  7152 | D:7      | Reached skill level 10 in Spellcasting
  7864 | D:7      | Reached * piety under Qazlal
  8109 | D:8      | Reached skill level 11 in Spellcasting
  8385 | D:8      | Reached ** piety under Qazlal
  8458 | D:8      | Reached skill level 5 in Conjurations
  8639 | D:8      | Noticed Curus's ghost (novice MiFi)
  8645 | D:8      | Killed Curus's ghost
  8645 | D:8      | Reached XP level 10. HP: 51/51 MP: 1/27
  8650 | D:8      | Found Acwoyre's Jewellery Boutique.
  8867 | D:8      | Bought a +2 amulet of reflection for 90 gold pieces
  8996 | D:8      | Found Qedd's Gadget Emporium.
  8999 | D:8      | Bought a wand of iceblast (8) for 168 gold pieces
  9312 | D:9      | Noticed a two-headed ogre
  9318 | D:9      | Killed a two-headed ogre
  9318 | D:9      | Reached skill level 12 in Spellcasting
 10206 | D:9      | Reached skill level 10 in Air Magic
 10573 | D:10     | Entered Level 10 of the Dungeon
 10720 | D:10     | Found a flagged portal.
 10737 | Bailey   | Entered a bailey
 10843 | Bailey   | Reached *** piety under Qazlal
 10909 | Bailey   | Reached skill level 1 in Fighting
 11054 | Bailey   | Found a burning altar of Makhleb.
 11147 | D:10     | Noticed a two-headed ogre
 11685 | D:10     | Noticed Snorg
 11688 | D:10     | Killed Snorg
 11688 | D:10     | Reached skill level 1 in Throwing
 11688 | D:10     | Reached skill level 13 in Spellcasting
 11743 | D:10     | Reached XP level 11. HP: 56/56 MP: 9/30
 11910 | D:10     | Noticed Harold
 12489 | D:11     | Noticed a five-headed hydra
 12502 | D:10     | Noticed a two-headed ogre
 12505 | D:10     | Killed a two-headed ogre
 12636 | D:10     | Killed a two-headed ogre
 12710 | D:10     | Noticed a death yak
 12710 | D:10     | Noticed a death yak
 12714 | D:10     | Killed a death yak
 12714 | D:10     | Noticed a death yak
 12717 | D:10     | Killed a death yak
 12721 | D:10     | Mangled by a death yak

Vault maps used:
D:1:      onia_arrival_mini_spirals
D:3:      nicolae_overflow_crystal_walls, uniq_crazy_yiuf_cottage, uniq_grinder,
          uniq_jessica, uniq_natasha
D:4:      lexackson_kobold_supper, uniq_eustachio, uniq_ijyb, uniq_menkaure,
          uniq_blork_the_orc
D:5:      first_ration
D:6:      lemuel_insect_pit, temple_doors_e, basic_altar
D:7:      grunt_ogre_cave
D:8:      serial_shops, nicolae_shop_statue_plus, kennysheep_mini
D:9:      serial_bayou_pond_d
D:10:     dpeg_lair_monsters, kennysheep_orc_monster_closet_entryway,
          enter_bailey_7, uniq_snorg, uniq_harold
D:11:     nicolae_trove_entry_crystal, serial_bayou_pond_a
Temple:   kilobyte_greek_temple
Bailey:   bailey_axe_3, bailey

Skill      XL: |  1  2  3  4  5  6  7  8  9 10 11 |
---------------+----------------------------------+-----
Dodging        | 3 4 |  4.4
Spellcasting   | 4 5 6 7 9 11 13 | 13.9
Air Magic      | 4 5 7 9 10 | 10.8
Conjurations   | 2 3 5 7 |  7.7
Short Blades   | 1 |  1.3
Stealth        | 3 4 |  4.8
Staves         | 1 2 3 |  3.9
Slings         | 1 2 |  2.5
Fighting       | 1 |  1.4
Throwing       | 1 2 |  2.1
Evocations     | |  0.3

Action                   |  1- 3 |  4- 6 |  7- 9 | 10-12 || total
-------------------------+-------+-------+-------+-------++-------
Melee: Dagger            |     2 |    26 |       |       ||    28
       Quarterstaff      |       |     3 |    50 |    35 ||    88
 Fire: Hunting sling     |       |       |    18 |    35 ||    53
       Blowgun           |       |       |       |    16 ||    16
 Cast: Shock             |    68 |    61 |   121 |    57 ||   307
       Airstrike         |       |    11 |    72 |    11 ||    94
       Lightning Bolt    |       |       |    47 |    66 ||   113
Evoke: Wand              |       |     2 |       |     1 ||     3
  Use: Scroll            |     1 |       |     7 |     6 ||    14
       Potion            |       |       |     1 |       ||     1
 Stab: Sleeping          |     1 |     3 |     2 |       ||     6
  Eat: Chunk             |     2 |     6 |    22 |    17 ||    47
       Ration            |       |       |     2 |     1 ||     3
Armor: Robe              |     1 |     6 |    25 |    22 ||    54
Dodge: Dodged            |     7 |    28 |    78 |    86 ||   199
Block: Other             |       |       |       |    23 ||    23
       Reflection        |       |       |       |     5 ||     5

Table legend:
 A = Spawn XP
 B = Non-spawn XP
 C = Spawn XP percentage of total XP
 D = Spawn monster count
 E = Non-spawn monster count
 F = Spawn count percentage of total count
 G = Total turns spent on level
                    A         B        C        D         E        F      G
               +---------+---------+-------+---------+---------+-------+---------
         Total |       0 |   16446 |   0.0 |       0 |     266 |   0.0 | 12721
               +---------+---------+-------+---------+---------+-------+---------
           D:1 |       0 |      58 |   0.0 |       0 |      23 |   0.0 |  1186
           D:2 |       0 |      61 |   0.0 |       0 |      19 |   0.0 |   901
           D:3 |       0 |     618 |   0.0 |       0 |      31 |   0.0 |  1429
           D:4 |       0 |     713 |   0.0 |       0 |      25 |   0.0 |  1122
           D:5 |       0 |     341 |   0.0 |       0 |       9 |   0.0 |   903
           D:6 |       0 |    1000 |   0.0 |       0 |      22 |   0.0 |  1292
           D:7 |       0 |    1290 |   0.0 |       0 |      26 |   0.0 |  1216
           D:8 |       0 |    2283 |   0.0 |       0 |      30 |   0.0 |   882
           D:9 |       0 |    2750 |   0.0 |       0 |      31 |   0.0 |  1894
          D:10 |       0 |    6539 |   0.0 |       0 |      30 |   0.0 |  1090
          D:11 |       0 |     355 |   0.0 |       0 |       4 |   0.0 |   293
        Bailey |       0 |     438 |   0.0 |       0 |      16 |   0.0 |   374
               +---------+---------+-------+---------+---------+-------+---------
